 Dungeon Crawl Stone Soup version 0.21.1-1-g345015f (webtiles) character file.

233 VersusAllOdds the Ducker (level 5, -2/42 HPs)
             Began as a Demonspawn Gladiator on July 21, 2018.
             Was an Initiate of Dithmenos.
             Shot with an arrow by a centaur (4 damage)
             ... on level 4 of the Dungeon.
             The game lasted 00:22:59 (4979 turns).

VersusAllOdds the Ducker (Demonspawn Gladiator)     Turns: 4979, Time: 00:22:59

Health: -2/42      AC:  4    Str: 15    XL:     5   Next: 75%
Magic:  5/5        EV: 12    Int: 10    God:    Dithmenos [......]
Gold:   245        SH:  0    Dex: 14    Spells: 4/4 levels left

rFire    + + .     SeeInvis .   q - +1 short sword (freeze)
rCold    + . .     Gourm    .   (no shield)
rNeg     . . .     Faith    .   b - +0 leather armour
rPois    .         Spirit   .   (no helmet)
rElec    .         Reflect  .   (no cloak)
rCorr    .         Harm     .   (no gloves)
MR       .....                  (no boots)
Stlth    +.........             (no amulet)
HPRegen  0.14/turn              i - ring of protection from fire
MPRegen  0.09/turn              n - ring of protection from cold

@: about to teleport, heavily drained
A: claws 1, rugged brown scales 1, fire resistance 1, flame cloud immunity
a: Renounce Religion


You were on level 4 of the Dungeon.
You worshipped Dithmenos.
Dithmenos was noncommittal.
You were near starving.

You visited 2 branches of the dungeon, and saw 5 of its levels.

You collected 245 gold pieces.

Inventory:

Hand Weapons
 a - a +0 long sword
 q - a +1 short sword of freezing (weapon)
Missiles
 d - 3 throwing nets (quivered)
Armour
 b - a +0 leather armour (worn)
 c - a +0 helmet
 p - a +0 helmet
Jewellery
 e - an uncursed amulet of harm
 i - a ring of protection from fire (left claw)
 n - a ring of protection from cold (right claw)
 s - an uncursed ring of fire {unknown}
Scrolls
 j - a scroll of fear {unknown}
 l - a scroll of remove curse
 m - a scroll of teleportation
 t - a scroll of amnesia {unknown}
 u - a scroll of identify
Potions
 g - 2 potions of lignification {unknown}
 h - a potion of curing {unknown}
 k - a potion of berserk rage
 o - a potion of heal wounds
 r - a potion of agility
Comestibles
 f - 7 rations


   Skills:
 + Level 3.4(2.2) Fighting
 + Level 1.5 Short Blades
 - Level 3.2(2.3) Long Blades
 - Level 1.7(0.7) Throwing
 + Level 2.3(1.2) Armour
 + Level 3.8(2.6) Dodging


You had 4 spell levels left.
You didn't know any spells.

Dungeon Overview and Level Annotations

Branches:
Dungeon (4/15)             Temple (1/1) D:4

Altars:
Dithmenos
Qazlal
Trog
Vehumet
The Shining One

Annotations:
D:3 exclusions: ice beast and upstairs, Ijyb


Innate Abilities, Weirdness & Mutations

You have sharp fingernails.
You are partially covered in rugged brown scales. (AC +1, +3% HP)
Your flesh is heat resistant. (rF+)
You are immune to clouds of flame.


Message History

* * * LOW HITPOINT WARNING * * *
You climb upwards.
Level annotation: exclusions: ice beast and upstairs, Ijyb
There is a stone staircase leading down here.
Ijyb screams, "I cut your head off!"
There is a stone staircase leading down here.
You climb downwards.
There is a stone staircase leading up here.
You start resting.
The centaur shoots an arrow.
The arrow barely misses you.
The centaur shoots an arrow.
The arrow misses you.
As you read the scroll of teleportation, it crumbles to dust.
You feel strangely unstable.
The centaur shoots an arrow.
The arrow hits you!
* * * LOW HITPOINT WARNING * * *
The centaur shoots an arrow.
The arrow closely misses you.
The centaur shoots an arrow.
The arrow hits you.
* * * LOW HITPOINT WARNING * * *
You see here an arrow.
The centaur shoots an arrow.
The arrow hits you.
You die...

.8.8.......#.##.#.....######.#.#
⌠(⌠...######.#<........#.......##
.>.8..#....#.#(.#......#.##......
⌠.⌠...#.##.#.##.#......#.##......
.8.8..#.##.#.##c##.....#.##......
......#.#..###...##....#.##......
.###..#.##.##.....######.##......
.# ##.#.##.#...⌠...'.....##......
.####...##.###..@##########......
.....#####.# #..(# #######
##...#####.# #..(# .........#.#
#.<(# .........#.# #...#
.........#.# ##### .........#.#
.........'.# .........###


You could see a centaur.

Vanquished Creatures
  A hound (D:4)
  An orc wizard (D:3)
  Terence (D:2)
  3 worker ants (D:4)
  2 adders (D:4)
  An adder skeleton (D:4)
  2 worms (D:2)
  2 dart slugs
  2 leopard geckos
  4 orcs
  6 bats
  3 giant cockroaches
  4 goblins
  4 hobgoblins (D:2)
  A quokka (D:3)
  6 frilled lizards
  2 kobolds
  5 rats
50 creatures vanquished.

Notes
Turn   | Place    | Note
-------+----------+-------------------------------------------
     0 | D:1      | VersusAllOdds the Demonspawn Gladiator began the quest for the Orb.
     0 | D:1      | Reached XP level 1. HP: 16/16 MP: 1/1
   192 | D:1      | Gained mutation: Your flesh is heat resistant. (rF+) [demonic ancestry]
   192 | D:1      | Reached XP level 2. HP: 18/22 MP: 2/2
   660 | D:2      | Reached skill level 1 in Armour
   783 | D:2      | Gained mutation: You have sharp fingernails. [demonic ancestry]
   783 | D:2      | Reached XP level 3. HP: 28/28 MP: 3/3
   963 | D:2      | Found a faded altar of an unknown god.
  1059 | D:2      | Became a worshipper of Vehumet
  1059 | D:2      | Reached * piety under Vehumet
  1059 | D:2      | Offered knowledge of Sting by Vehumet.
  1216 | D:2      | Noticed a sky beast
  1354 | D:2      | Noticed Terence
  1376 | D:2      | Killed Terence
  1376 | D:2      | Gained mutation: You are partially covered in rugged brown scales. (AC +1, +3% HP) [demonic ancestry]
  1376 | D:2      | Reached XP level 4. HP: 13/35 MP: 4/4
  1822 | D:1      | Fell from the grace of Vehumet
  1922 | D:3      | Noticed an ice beast
  2110 | D:3      | Noticed Ijyb
  4155 | D:4      | Reached skill level 1 in Short Blades
  4155 | D:4      | Gained mutation: You are immune to clouds of flame. [demonic ancestry]
  4155 | D:4      | Reached XP level 5. HP: 42/42 MP: 5/5
  4164 | D:4      | Found a staircase to the Ecumenical Temple.
  4188 | Temple   | Entered the Ecumenical Temple
  4194 | Temple   | Became a worshipper of Dithmenos the Shadowed
  4887 | D:4      | Noticed a centaur
  4978 | D:4      | HP: 2/42 [centaur/arrow (4)]
  4979 | D:4      | Shot with an arrow by a centaur

Skill      XL: |  1  2  3  4  5 |
---------------+----------------+-----
Dodging        | 3 |  3.8
Long Blades    | 3 |  3.2
Armour         | 1 2 |  2.3
Fighting       | 3 |  3.4
Short Blades   | 1 |  1.5
Throwing       | |  1.7

Action                   |  1- 3 |  4- 6 || total
-------------------------+-------+-------++-------
Melee: Long sword        |    93 |    16 ||   109
       Short sword       |       |    63 ||    63
Invok: Renounce Religion |       |     1 ||     1
  Use: Scroll            |       |    11 ||    11
       Potion            |       |     1 ||     1
 Stab: Sleeping          |     2 |       ||     2
  Eat: Chunk             |     1 |     3 ||     4
       Ration            |       |     2 ||     2
Armor: Leather armour    |    12 |    18 ||    30
Dodge: Dodged            |    67 |    54 ||   121
       Rpst.: Long sword |    19 |     3 ||    22
